 Dungeon Crawl Stone Soup version 0.31-a0-521-gc7390f8997 (webtiles) character file.

Game seed: 7054092608362784156

67 kae the Changeling (level 3, -3/26 HPs)
             Began as a Demonspawn Shapeshifter on Aug 10, 2023.
             Slain by an adder (4 damage)
             ... on level 2 of the Dungeon.
             The game lasted 00:01:13 (1479 turns).

kae the Changeling (Demonspawn Shapeshifter)        Turns: 1479, Time: 00:01:14

Health: -3/26      AC:  2    Str: 14    XL:     3   Next: 98%
Magic:  3/3        EV: 11    Int: 13    God:
Gold:   79         SH:  6    Dex: 14    Spells: 2/2 levels left

rFire   . . .        m - +0 short sword
rCold   . . .        l - +2 buckler
rNeg    . . .        a - +0 animal skin
rPois   .            (helmet currently unavailable)
rElec   .            (cloak currently unavailable)
rCorr   .            (gloves currently unavailable)
SInv    .            (boots currently unavailable)
Will    .....        (no amulet)
Stlth   +            (no ring)
HPRegen 0.24/turn    (no ring)
MPRegen 0.08/turn

%: no passive effects
@: lethally poisoned (-3 -> -7), beast-form
A: beast (slay +2), claws 1, clever 1, screaming 1, evolution 1
a: Begin Untransformation


You were on level 2 of the Dungeon.
You were a hulking beast.
You visited 1 branch of the dungeon, and saw 2 of its levels.

You collected 79 gold pieces.


Innate Abilities, Weirdness & Mutations

You are a hulking beast.
Your limbs bulge with bestial killing power. (Slay +2)
You have sharp fingernails.
Your mind is acute. (Int +4, Str/Dex -1)
You occasionally shout uncontrollably at your foes.
You have hidden genetic potential.


   Skills:
 - Level 1.0 Fighting
 - Level 1.7 Dodging
 + Level 3.3 Unarmed Combat
 * Level 3.6 Shapeshifting


You had 2 spell levels left.
You didn't know any spells.
Your spell library contained the following spells:

 Spells                   Type           Power      Damage    Failure   Level
 Blink                    Tloc           0%         N/A       54%         2
 Lesser Beckoning         Tloc           0%         N/A       54%         2
 Momentum Strike          Conj/Tloc      0%         3d8       54%         2

Inventory:

Hand Weapons
 m - a +0 short sword (weapon)
   (You found it on level 1 of the Dungeon)
Missiles
 i - 5 poisoned darts
 n - 9 stones
Armour
 a - a +0 animal skin (worn)
 l - a +2 buckler (worn)
   (You found it on level 1 of the Dungeon)
Magical Staves
 j - a staff of cold {!a}
   (You found it on level 1 of the Dungeon)
Jewellery
 P - a ring of poison resistance
   (You found it on level 2 of the Dungeon)
Talismans
 c - a beast talisman (active)
 d - a flux talisman
Scrolls
 o - a scroll of amnesia
 p - 5 scrolls of identify {@r1}
 q - 2 scrolls of enchant armour {unknown}
 r - a scroll of noise {unknown}
 s - a scroll of torment {unknown}
 t - a scroll of silence {unknown}
Potions
 b - 2 potions of lignification {!q}
 e - a potion of magic {unknown}
 f - a potion of enlightenment {unknown}
 g - 2 potions of mutation {!q}
 h - a potion of curing {unknown}
 k - a potion of ambrosia {unknown}

Dungeon Overview and Level Annotations

Branches:
Dungeon (2/15) Zot: 10513

Altars:

....###.# ##.#.# #..#
....###.#####....###
#..#
###....#...........#
#..#
#####.#####.>.##.#
#..# #.# ####*#.#
#.># #.# #.# #..# #.#
#.# #..# #.#
###.####..# #.#
*#h........#
*#.#*****#S#..####.##
*.#.,,,,.B###.# #.##
**,***....,*..# #..#
*** #.##**,### ##.#
#,* *** #.# *,* #.#
*,* #.# *,* #.#


You could see an adder and a giant cockroach.


Message History

The goblin shouts!
A goblin is nearby!
The goblin hits you with a +0 club. 😕 HP[-4]
You take 4 damage, and now have 22/26 hp.
You barely miss the goblin. The goblin barely misses you.
You closely miss the goblin.
The goblin hits you with a +0 club. 😕 HP[-1]
You take 1 damage, and now have 21/26 hp.
A goblin is nearby!
You hit the goblin. The goblin misses you.
You closely miss the goblin. The goblin closely misses you. 😕 HP[+1]
A goblin is nearby!
You closely miss the goblin. You block the goblin's attack.
You hit the goblin.
You kill the goblin!
You pick up a book of Spatial Translocations and begin reading...
You add the spells Blink, Momentum Strike and Lesser Beckoning to your library. 😎 HP[+4]
Your hp is fully restored (26).
No target in view!
No target in view!
p - 5 scrolls of identify {@r1} (gained 1)
Found a stone staircase leading down.
No target in view!
No target in view!
There is a stone staircase leading down here.
s - a scroll labelled WEERPH LUIFF No target in view!
No target in view!
There is a stone staircase leading up here.
t - a scroll labelled KEGHIU LUNI No target in view!
No target in view!
An adder comes into view.
You yell at the adder!
The adder hisses angrily.
An adder is nearby!
The adder barely misses you.
An adder is nearby!
You miss the adder. The adder bites you.
You are poisoned.
The adder poisons you!
A giant cockroach comes into view.
You closely miss the adder.
You feel sick. The adder barely misses you. You block the adder's attack.
There are monsters nearby! 😕 HP[-3]
You take 3 damage, and now have 23/26 hp.
There are monsters nearby!
You hit the adder.
You feel sick. The adder misses you.
You closely miss the adder.
You feel sick.
You are no longer poisoned.
The adder bites you.
You are poisoned.
The adder poisons you! You block the adder's attack. 😕 HP[-3]
You take 3 damage, and now have 20/26 hp.
You miss the adder.
You feel sick. The adder barely misses you. 😮 HP[-2]
You take 2 damage, and now have 18/26 hp.
Unknown command.
You barely miss the adder.
You feel sick.
The adder completely misses you. 😮 HP[-1]
You take 1 damage, and now have 17/26 hp.
Unknown command.
You hit the adder.
You feel sick. The adder bites you.
You are more poisoned.
The adder poisons you! The adder bites you.
* * * LOW HITPOINT WARNING * * *
You are lethally poisoned!
The adder poisons you! 😨 HP[-6]
You take 6 damage, and now have 11/26 hp.
MASSIVE DAMAGE!! (PAUSE)
You barely miss the adder.
* * * LOW HITPOINT WARNING * * *
You feel very sick. The adder barely misses you. 😨 HP[-2]
You take 2 damage, and now have 9/26 hp.
You miss the adder.
* * * LOW HITPOINT WARNING * * *
You feel sick. The adder completely misses you. The adder bites you.
* * * LOW HITPOINT WARNING * * *
The giant cockroach waves its antennae.
Unknown command. 😱 HP[-5]
You take 5 damage, and now have 4/26 hp.
You closely miss the adder.
* * * LOW HITPOINT WARNING * * *
You feel sick. You block the adder's attack. 😱 HP[-2]
You take 2 damage, and now have 2/26 hp.
Unknown command.
You closely miss the adder.
* * * LOW HITPOINT WARNING * * *
You feel sick. The adder bites you.
You die...

Skill      XL: |  1  2 |
---------------+-------+-----
Shapeshifting  | 3 |  3.6
Unarmed Combat | 3 |  3.3
Fighting       | |  1.0
Dodging        | |  1.7

Action                     || total
---------------------------++-------
  Melee: Unarmed           ||    26
         Short sword       ||   126
    Use: Scroll            ||     3
         Potion            ||     1
   Stab: Sleeping          ||     2
 Armour: Animal skin       ||    25
  Dodge: Dodged            ||    65
  Block: Buckler           ||    33

Levels and vault maps discovered:
D:1:      dpeg_arrival_rooms_with_view, layout_basic,
          hellmonk_ecumenical_altar_pennies_from_heaven
D:2:      layout_loops_ring, minmay_pentomino_z2

Notes
Turn   | Place    | Note
-------+----------+-------------------------------------------
     0 | D:1      | kae the Demonspawn Shapeshifter began the quest for the
                  | Orb.
     0 | D:1      | Reached XP level 1. HP: 15/15 MP: 1/1
     0 | D:1      | magus.rc [v1.11.3]
    85 | D:1      | Found a faded altar of an unknown god.
   264 | D:1      | Reached skill level 3 in Shapeshifting
   264 | D:1      | Gained mutation: You have sharp fingernails. [demonic
                  | ancestry]
   264 | D:1      | Reached XP level 2. HP: 21/21 MP: 2/2
   468 | D:1      | Reached skill level 3 in Unarmed Combat
   729 | D:2      | Reached XP level 3. HP: 20/26 MP: 3/3
   729 | D:2      | Gained mutation: You have hidden genetic potential. [potion
                  | of mutation]
   729 | D:2      | Gained mutation: You occasionally shout uncontrollably at
                  | your foes. [potion of mutation]
   729 | D:2      | Gained mutation: Your mind is acute. (Int +4, Str/Dex -1)
                  | [potion of mutation]
  1095 | D:2      | Identified the +4 ring mail "Neoclah" {+Inv Fly Dex-2}
  1401 | D:2      | You pick up a book of Spatial Translocations and begin
                  | reading...
  1401 | D:2      | You add the spells Blink, Momentum Strike and Lesser
                  | Beckoning to your library.
  1477 | D:2      | HP: 4/26 [adder (3)]
  1479 | D:2      | HP: 1/26 [poisoned by an adder]
  1479 | D:2      | Slain by an adder

Vanquished Creatures
  3 adders (D:2)
  A worm (D:2)
  A dart slug (D:2)
  5 endoplasms
  3 giant cockroaches (D:1)
  4 hobgoblins
  A quokka (D:2)
  3 ball pythons
  A bat (D:2)
  4 frilled lizards
  4 goblins
  3 kobolds
  4 rats (D:1)
37 creatures vanquished.

Table legend:
 A = Non-vault XP
 B = Vault XP
 C = Vault XP percentage of total XP
 D = Non-vault monster count
 E = Vault monster count
 F = Vault count percentage of total count
                 A         B        C        D         E       F
            +---------+---------+-------+---------+---------+-------
      Total |      80 |      16 |  16.7 |      34 |       3 |   8.1
            +---------+---------+-------+---------+---------+-------
        D:1 |      29 |       2 |   6.5 |      20 |       2 |   9.1
        D:2 |      51 |      14 |  21.5 |      14 |       1 |   6.7
            +---------+---------+-------+---------+---------+-------

Skill      XL: |  1  2 |
---------------+-------+-----
Shapeshifting  | 3 |  3.6
Unarmed Combat | 3 |  3.3
Fighting       | |  1.0
Dodging        | |  1.7

Action                     || total
---------------------------++-------
  Melee: Unarmed           ||    26
         Short sword       ||   126
    Use: Scroll            ||     3
         Potion            ||     1
   Stab: Sleeping          ||     2
 Armour: Animal skin       ||    25
  Dodge: Dodged            ||    65
  Block: Buckler           ||    33

Illustrated notes

Table legend:
 A = Kills in this place as a percentage of kills in the entire game.
 B = Kills by you in this place as a percentage of kills by you in the entire game.
 C = Kills by friends in this place as a percentage of kills by friends in the entire game.
 D = Other kills in this place as a percentage of other kills in the entire game.
 E = Experience gained in this place as a percentage of experience gained in the entire game.
 F = Experience gained in this place divided by the number of levels of this place that you have seen.
                   A       B       C       D       E      F
               +-------+-------+-------+-------+-------+----------------------
         Total | 100.0 | 100.0 |   N/A |   N/A | 100.0 |  48.0
       Dungeon | 100.0 | 100.0 |   N/A |   N/A | 100.0 |  48.0
               +-------+-------+-------+-------+-------+----------------------

Table legend: (Time is in decaauts)
 A = Elapsed time spent in this place.
 B = Non-inter-level travel time spent in this place.
 C = Inter-level travel time spent in this place.
 D = Time resting spent in this place.
 E = Time spent auto-exploring this place.
 F = Levels seen in this place.
 G = Mean time per level.
                   A        B        C        D        E       F      G
               +--------+--------+--------+--------+--------+-----+--------+
         Total |   1485 |   1475 |     10 |     37 |   1094 |   2 |  742.5 |
       Dungeon |   1485 |   1475 |     10 |     37 |   1094 |   2 |  742.5 |
               +--------+--------+--------+--------+--------+-----+--------+

Top non-repeatable levels by time:
     D:2: 782 daAuts
     D:1: 703 daAuts
